 Dungeon Crawl Stone Soup version 0.31-a0-1074-g0b22e4e0f1 (webtiles) character file.

Game seed: 12006953302601516177

17 graki42 the Conjurer (level 2, -2/15 HPs)
             Began as a Deep Elf Conjurer on Nov 26, 2023.
             Killed from afar by Sigmund (10 damage)
             ... with a magic dart
             ... on level 2 of the Dungeon.
             The game lasted 00:02:30 (888 turns).

graki42 the Conjurer (Deep Elf Conjurer)             Turns: 888, Time: 00:02:32

Health: -2/15      AC:  4    Str:  4    XL:     2   Next: 44%
Magic:  3/8        EV: 12    Int: 22    God:
Gold:   13         SH:  0    Dex: 13    Spells: 4/7 levels left

rFire   . . .        (no weapon)
rCold   . . .        (no shield)
rNeg    . . .        a - +0 robe
rPois   .            (no helmet)
rElec   .            f - +0 cloak
rCorr   .            (no gloves)
SInv    .            m - +0 pair of boots
Will    .....        (no amulet)
Stlth   ++           (no ring)
HPRegen 0.22/turn    (no ring)
MPRegen 0.11/turn

%: no passive effects
@: no status effects
A: no striking features
a: no special abilities


You were on level 2 of the Dungeon.
You visited 1 branch of the dungeon, and saw 2 of its levels.

You collected 13 gold pieces.

Inventory:

Armour
 a - a +0 robe (worn)
 f - a +0 cloak (worn)
 m - a +0 pair of boots (worn)
Scrolls
 c - a scroll of fog {unknown}
 d - a scroll of blinking {unknown}
 h - a scroll of poison {unknown}
 j - a scroll of immolation {unknown}
 k - 2 scrolls of teleportation
 l - a scroll of brand weapon {unknown}
Potions
 b - a potion of magic
 e - a potion of degeneration {unknown}
 g - a potion of invisibility {unknown}
 i - a potion of heal wounds {unknown}


   Skills:
 + Level 2.7 Dodging
 + Level 2.8 Stealth
 + Level 3.3 Spellcasting
 * Level 4.7 Conjurations


You had 4 spell levels left.
You knew the following spells:

 Your Spells              Type           Power      Damage    Failure   Level
a - Magic Dart            Conj           96%        1d7       1%          1
b - Searing Ray           Conj           48%        2d6       2%          2

Your spell library contained the following spells:

 Spells                   Type           Power      Damage    Failure   Level
 Sting                    Tmut/Pois      12%        1d3       12%         1
 Dazzling Flash           Conj/Hex       28%        N/A       14%         3
 Poisonous Vapours        Pois/Air       6%         N/A       19%         2
 Fulminant Prism          Conj/Hex       7%         3d7       41%         4
 Iskenderun's Mystic Bla  Conj/Tloc      14%        2d5       41%         4
 Olgreb's Toxic Radiance  Pois           3%         N/A       77%         4


Dungeon Overview and Level Annotations

Branches:
Dungeon (2/15)

Altars:

Annotations:
D:2 Sigmund


Message History

Magic restored.
k - 3 scrolls labelled TIAS KEKLURGHAF
l - a scroll labelled QISERU DECSA
As you read the scroll labelled TIAS KEKLURGHAF, it crumbles to dust.
You feel strangely unstable.
It was a scroll of teleportation.
Your surroundings seem slightly different.
Found a pair of boots.
You see here a +0 pair of boots.
m - a +0 pair of boots You start putting on your armour.
You continue putting on your +0 pair of boots. x4
You finish putting on your +0 pair of boots.
Sigmund the Dreaded comes into view.
He is wielding a +0 scythe.
Found a fuming clear potion.
Sigmund shouts!
Casting: Magic Dart (safe; 1% risk of failure)
Confirm with . or Enter, or press ? or * to list all spells.
You can't see any susceptible monsters within range! (Use Z to cast anyway.)
Casting: Magic Dart (safe; 1% risk of failure)
Confirm with . or Enter, or press ? or * to list all spells.
Aiming: Searing Ray (safe; 2% risk of failure)
Press: ? - help, Shift-Dir - straight line, f - Sigmund
Aim: Sigmund, wielding a +0 scythe and wearing a +0 robe (77% to hit)
The searing ray hits Sigmund.
Sigmund is moderately wounded. (Press . to maintain the ray.) Sigmund points at you and mumbles some strange words.
The puff of flame hits you!
The searing ray misses Sigmund.
The searing ray hits Sigmund!
Sigmund is heavily wounded.
The searing ray hits Sigmund!
Sigmund is almost dead.
You finish channelling your searing ray.
Sigmund giggles. "Time to reap what you sow."
Sigmund casts a spell at you. The magic dart hits you!
Ouch! That really hurt!
You die...
Sigmund begins carving another notch in his scythe.

#.....# #.....#
####.....#
###########..#.....#
##..................#
##.............#.....#
#....................#
#....$...............#
.......@...†...#######
...............#
.....@.........####
.........[..<.....#
..................#
..................#
..................#
!.......#.........#
....###.#######


You could see Sigmund.

Vanquished Creatures
  3 bats
  An endoplasm (D:1)
  2 giant cockroaches (D:1)
  A hobgoblin (D:1)
  A quokka (D:1)
  3 ball pythons (D:1)
  A frilled lizard (D:1)
  3 kobolds (D:1)
  A rat (D:1)
16 creatures vanquished.

Notes
Turn   | Place    | Note
-------+----------+-------------------------------------------
     0 | D:1      | graki42 the Deep Elf Conjurer began the quest for the Orb.
     0 | D:1      | Reached XP level 1. HP: 10/10 MP: 6/6
   407 | D:1      | Reached XP level 2. HP: 15/15 MP: 6/8
   410 | D:1      | Learned a level 2 spell: Searing Ray
   882 | D:2      | Noticed Sigmund
   888 | D:2      | Killed from afar by Sigmund

Illustrated notes

Levels and vault maps discovered:
D:1:      matt_arrival_diagonals, layout_basic
D:2:      layout_rooms, shapermc_ecumenical_altar_pompeii, uniq_natasha,
          uniq_sigmund

Action                     || total
---------------------------++-------
  Melee: Unarmed           ||     1
   Cast: Magic Dart        ||    24
         Searing Ray       ||     3
    Use: Scroll            ||     1
   Stab: Sleeping          ||     1
 Armour: Robe              ||     2
  Dodge: Dodged            ||     3

Table legend: (Time is in decaauts)
 A = Elapsed time spent in this place.
 B = Non-inter-level travel time spent in this place.
 C = Inter-level travel time spent in this place.
 D = Time resting spent in this place.
 E = Time spent auto-exploring this place.
 F = Levels seen in this place.
 G = Mean time per level.
                   A        B        C        D        E       F      G
               +--------+--------+--------+--------+--------+-----+--------+
         Total |    887 |    870 |     17 |      0 |    772 |   2 |  443.5 |
       Dungeon |    887 |    870 |     17 |      0 |    772 |   2 |  443.5 |
               +--------+--------+--------+--------+--------+-----+--------+

Top non-repeatable levels by time:
     D:1: 841 daAuts
     D:2: 46 daAuts
